 Dungeon Crawl Stone Soup version bcrawl-1.26.1 (webtiles) character file.

Game seed: 9532247995213053213

235620 p0wl the Chopper (level 6, 0/56 HPs)
             Began as a Minotaur Berserker on July 7, 2020.
             Was a Priest of Trog.
             Slain by Sigmund
             ... wielding a +0 scythe
              (11 damage)
             ... on level 4 of the Dungeon.
             The game lasted 00:05:59 (2597 turns).

p0wl the Chopper (Minotaur Berserker)               Turns: 2597, Time: 00:05:59

Health: 0/56       AC:  7    Str: 27      XL:     6   Next: 73%
Magic:  5/5        EV: 12    Int:  4      God:    Trog [***...]
Gold:   326        SH:  0    Dex:  9 (11) Spells: 5/5 levels left

rFire    . . .     SeeInvis .   a - +0 hand axe
rCold    . . .     Gourm    .   (no shield)
rNeg     . . .     Faith    .   g - +0 scale mail
rPois    .         Spirit   .   (helmet restricted)
rElec    .         Reflect  .   (no cloak)
rCorr    .         Harm     .   (no gloves)
MR       .....                  (no boots)
Stlth    ..........             (no amulet)
HPRegen  0.18/turn              (no ring)
MPRegen  0.09/turn              (no ring)

@: confused, mighty, swift, flying, quick
A: retaliatory headbutt, horns 2
a: Berserk, Trog's Hand, Renounce Religion


You were on level 4 of the Dungeon.
You worshipped Trog.
Trog was most pleased with you.
You were hungry.

You visited 1 branch of the dungeon, and saw 4 of its levels.

You collected 326 gold pieces.

Inventory:

Hand Weapons
 a - a +0 hand axe (weapon)
Armour
 d - a +2 cloak
 g - a +0 scale mail (worn)
 p - a scarf of repulsion
Jewellery
 h - a +3 ring of slaying {unknown}
Scrolls
 b - 7 scrolls of identify
 f - a scroll of magic mapping {unknown}
 k - 4 scrolls of teleportation {unknown}
 l - a scroll of fog {unknown}
 r - a scroll of enchant armour {unknown}
 s - 3 scrolls of amnesia {unknown}
Potions
 c - 2 potions of curing
 i - a potion of agility
 j - a potion of magic
 m - a potion of might
Comestibles
 e - 6 rations {!d}


   Skills:
 + Level 5.2 Fighting
 * Level 6.4 Axes
 + Level 4.4 Armour
 + Level 4.0 Dodging


You had 5 spell levels left.
You didn't know any spells.
Your spell library was empty.

Dungeon Overview and Level Annotations

Branches:
Dungeon (4/12)
 Temple: D:4-7

Altars:
Hepliaklqana
Kikubaaqudgha
Qazlal
Trog

Shops:
D:4 (

Annotations:
D:4 Sigmund


Innate Abilities, Weirdness & Mutations

You reflexively headbutt those who attack you in melee.
You have a pair of horns on your head.


Message History

You feel less confused. Something hits you!
You miss something. Something hits you but does no damage.
You hit something but do no damage. You hit something. Something hits you!
You miss something. Your headbutt misses something. Something hits you.
* * * LOW HITPOINT WARNING * * *
It was a potion of magic.
Magic courses through your body.
It was a potion of might.
You feel very mighty all of a sudden. Something hits you but does no damage.
It was a potion of flight.
You feel very buoyant.
You fly up into the air.
Something hits you!
* * * LOW HITPOINT WARNING * * *
It was a potion of ambrosia.
You are confused.
You feel invigorated. Something hits you!
You die...

...##...........................
..............#.................
.##..........###...............
##...#.....###........##.....
#....####.##..........###....
###.#####.###.........# #.#..
###○...○##...##.......#####....
##.#.....###.###.....).####<....
##....._......##@..........#.....
###.#.....#.....{.....##.........
.####§...°###...#.....####.......
....###.###...###....#####.......
........#....## #.......#........
..#....##.#....##...........)....
..#...##.......#.......###.......
##....#......#.......######......
###...#......#.......##.##..#####


There were no monsters in sight!

Vanquished Creatures
  Blork the orc (D:4)
  A bullfrog (D:4)
  A quasit (D:3)
  Jessica (D:3)
  2 orc wizards (D:3)
  Robin (D:2)
  4 gnolls (D:3)
  5 adders
  3 oozes
  An adder skeleton (D:4)
  A worm (D:2)
  4 dart slugs
  7 leopard geckos
  3 orcs (D:3)
  A ball python (D:2)
  6 bats
  3 giant cockroaches
  10 goblins
  5 hobgoblins
  3 jackals (D:3)
  9 kobolds
  2 quokkas (D:3)
  3 frilled lizards
  A jackal skeleton (D:4)
  4 rats
82 creatures vanquished.

Notes
Turn   | Place    | Note
-------+----------+-------------------------------------------
     0 | D:1      | p0wl the Minotaur Berserker began the quest for the Orb.
     0 | D:1      | Reached XP level 1. HP: 19/19 MP: 0/0
   241 | D:1      | Reached XP level 2. HP: 27/27 MP: 1/1
   285 | D:1      | Reached skill level 4 in Axes
   725 | D:2      | Reached XP level 3. HP: 30/33 MP: 2/2
   740 | D:2      | Noticed Robin
   748 | D:2      | Killed Robin
   879 | D:2      | Reached ** piety under Trog
  1255 | D:3      | Reached XP level 4. HP: 40/40 MP: 3/3
  1410 | D:3      | Reached skill level 5 in Axes
  1423 | D:3      | Reached XP level 5. HP: 32/47 MP: 4/4
  1854 | D:3      | Noticed Jessica
  1860 | D:3      | Killed Jessica
  1860 | D:3      | Reached XP level 6. HP: 55/55 MP: 5/5
  1963 | D:3      | Reached *** piety under Trog
  2106 | D:4      | Reached skill level 5 in Fighting
  2106 | D:4      | Reached skill level 6 in Axes
  2186 | D:4      | Found a hazy altar of Hepliaklqana.
  2281 | D:4      | Noticed Blork the orc
  2289 | D:4      | Killed Blork the orc
  2335 | D:4      | Found a bloodstained altar of Trog.
  2347 | D:4      | Found Pioty's Weapon Emporium.
  2455 | D:4      | Found a stormy altar of Qazlal.
  2502 | D:4      | Noticed Sigmund
  2546 | D:4      | Found an ancient bone altar of Kikubaaqudgha.
  2597 | D:4      | Slain by Sigmund

Skill      XL: |  1  2  3  4  5  6 |
---------------+-------------------+-----
Axes           | 4 5 6 |  6.4
Fighting       | 4 5 |  5.2
Armour         | 3 4 |  4.4
Dodging        | 3 4 |  4.0

Action                   |  1- 3 |  4- 6 || total
-------------------------+-------+-------++-------
Melee: Hand axe          |    85 |   142 ||   227
       Headbutt          |     6 |    14 ||    20
Invok: Berserk           |       |     3 ||     3
       Trog's Hand       |       |     1 ||     1
  Use: Potion            |       |     6 ||     6
  Eat: Chunk             |     1 |     7 ||     8
Armor: Scale mail        |    34 |   107 ||   141
       Leather armour    |     4 |       ||     4
Dodge: Dodged            |    58 |   125 ||   183
